 Dungeon Crawl Stone Soup version 0.20.1-1-g8b1a95d (webtiles) character file.

85 Ijustatesigmund the Sneak (level 4, -2/31 HPs)
             Began as an Octopode Assassin on Sept 23, 2017.
             Slain by a worm (12 damage)
             ... on level 2 of the Dungeon.
             The game lasted 00:02:27 (1360 turns).

Ijustatesigmund the Sneak (Octopode Assassin)       Turns: 1360, Time: 00:02:28

Health: -2/31      AC:  1    Str: 10    XL:     4   Next: 48%
Magic:  4/4        EV: 13    Int: 13    God:
Gold:   83         SH:  0    Dex: 14    Spells: 3/3 levels left

rFire    . . .     SeeInvis .   a - +3 dagger
rCold    . . .     Gourm    .   (no shield)
rNeg     . . .     Faith    .   (helmet restricted)
rPois    .         Spirit   .   (no amulet)
rElec    .         Reflect  .   (no ring)
rCorr    .         Harm     .   (no ring)
MR       .....                  (no ring)
Stlth    ++++......             (no ring)
Regen    0.1/turn               (no ring)
MPRegen  0.1/turn               (no ring)
                                (no ring)
                                (no ring)

@: no status effects
A: almost no armour, stealthy swim, amphibious, 8 rings, constrict 8, camouflage
1, gelatinous body 1
a: no special abilities


You were on level 2 of the Dungeon.
You were not hungry.

You visited 1 branch of the dungeon, and saw 2 of its levels.

You collected 83 gold pieces.

Inventory:

Hand Weapons
 a - a +3 dagger (weapon)
 b - a +0 blowgun
Missiles
 c - 8 poisoned needles
 d - 2 curare-tipped needles
Jewellery
 h - an uncursed ring of ice
 i - an uncursed ring of fire
Scrolls
 g - a scroll of teleportation {unknown}
Potions
 e - a potion of curing
Comestibles
 f - 3 bread rations


   Skills:
 + Level 3.2 Fighting
 + Level 3.7 Short Blades
 - Level 2.0 Throwing
 - Level 1.0 Dodging
 - Level 5.3 Stealth


You had 3 spell levels left.
You didn't know any spells.

Dungeon Overview and Level Annotations

Branches:
Dungeon (2/15)

Altars:


Innate Abilities, Weirdness & Mutations

You cannot wear most types of armour.
You are very stealthy in the water. (Stealth+)
You are amphibious.
You can wear up to eight rings at the same time.
You can use your tentacles to constrict eight enemies at once.
Your skin changes colour to match your surroundings (Stealth+).
Your rubbery body absorbs attacks. (AC +1, EV +1)


Message History

You are too injured to fight recklessly!
You are too injured to fight recklessly!
You are too injured to fight recklessly!
You are too injured to fight recklessly!
You are too injured to fight recklessly!
You are too injured to fight recklessly!
You are too injured to fight recklessly!
You are too injured to fight recklessly!
You are too injured to fight recklessly!
You are too injured to fight recklessly!
You are too injured to fight recklessly!
You are too injured to fight recklessly!
You are too injured to fight recklessly!
You are too injured to fight recklessly!
You hit the worm. Your grab misses the worm.
The worm is moderately wounded.
You barely miss the worm. You grab the worm.
The worm is moderately wounded.
You constrict the worm. The worm bites you!
You die...

..## ... ... .....#
..###.. #..... #.....#
####.. ####..#.. #..# #
...>....##### ###.##
...##.........#####.....
......................##
##.w@..$†..........#.
#......).)..###....#÷.
#.............##..##....
...#..........##.###....
.##..####.######.......#
#.# #.. #.......# ...
###.####.......# ..
#.#..........#
##.#..........#


You could see a worm.

Vanquished Creatures
  2 adders (D:2)
  3 worms (D:2)
  2 dart slugs (D:1)
  2 leopard geckos
  A ball python (D:1)
  A giant cockroach (D:1)
  7 goblins
  4 hobgoblins
  2 jackals (D:2)
  12 kobolds
  4 bats (D:1)
  5 frilled lizards
  9 rats
54 creatures vanquished.

Notes
Turn   | Place    | Note
-------+----------+-------------------------------------------
     0 | D:1      | Ijustatesigmund the Octopode Assassin began the quest for the Orb.
     0 | D:1      | Reached XP level 1. HP: 14/14 MP: 1/1
    59 | D:1      | Reached XP level 2. HP: 18/19 MP: 2/2
   336 | D:1      | Reached XP level 3. HP: 21/25 MP: 3/3
  1039 | D:2      | Reached XP level 4. HP: 19/31 MP: 4/4
  1360 | D:2      | Slain by a worm

Skill      XL: |  1  2  3 |
---------------+----------+-----
Short Blades   | 3 |  3.7
Fighting       | 3 |  3.2
Throwing       | |  2.0
Dodging        | |  1.0
Stealth        | |  5.3

Action                   |  1- 3 |  4- 6 || total
-------------------------+-------+-------++-------
Melee: Dagger            |    71 |    30 ||   101
       Constrict         |    22 |     9 ||    31
       Tentacles         |     6 |     5 ||    11
  Use: Scroll            |     4 |       ||     4
       Potion            |     1 |       ||     1
 Stab: Sleeping          |    16 |     1 ||    17
       Distracted        |     1 |       ||     1
  Eat: Chunk             |       |     1 ||     1
Armor: Skin              |     3 |     4 ||     7
Dodge: Dodged            |    30 |    16 ||    46
